 Dungeon Crawl Stone Soup version 0.30-a0-329-g85436e0a43 (console) character file.

Game seed: 4874336877366055976

427 capslocke the Slasher (level 6, -6/50 HPs)
             Began as a Demonspawn Gladiator on Oct 29, 2022.
             Mangled by a small abomination (11 damage)
             ... on level 1 of the Abyss.
             The game lasted 00:10:16 (3193 turns).

capslocke the Slasher (Demonspawn Gladiator)        Turns: 3193, Time: 00:10:17

Health: -6/50      AC:  8    Str: 15    XL:     6   Next: 65%
Magic:  6/6        EV: 13    Int:  9    God:
Gold:   144        SH:  0    Dex: 16    Spells: 5/5 levels left

rFire   . . .      SeeInvis .    a - +0 long sword
rCold   . . .      Faith    .    (no shield)
rNeg    . . .      Spirit   .    b - +0 leather armour
rPois   .          Reflect  .    c - +0 helmet
rElec   .          Harm     .    x - +0 cloak
rCorr   .          Rampage  .    (no gloves)
Will    .....                    (no boots)
Stlth   +.........               (no amulet)
HPRegen 0.28/turn                (no ring)
MPRegen 0.10/turn                (no ring)

@: no status effects
A: rugged brown scales 3, demonic magic 2
a: no special abilities


You were on level 1 of the Abyss.
You visited 1 branch of the dungeon, and saw 4 of its levels.
You visited the Abyss 1 time.
You also visited: Ossuary.

You collected 144 gold pieces.

Inventory:

Hand Weapons
 a - a +0 long sword (weapon)
 w - a +3 quarterstaff of chaos
Missiles
 d - 2 throwing nets (quivered)
 e - a javelin
Armour
 b - a +0 leather armour (worn)
 c - a +0 helmet (worn)
 x - a +0 cloak (worn)
Magical Staves
 u - a staff of fire
Scrolls
 f - 4 scrolls of poison {unknown}
 i - a scroll of teleportation {unknown}
 j - 3 scrolls of amnesia {unknown}
 k - 3 scrolls of identify {unknown}
 o - 4 scrolls of enchant weapon {unknown}
 p - a scroll of summoning {unknown}
 r - a scroll of brand weapon {unknown}
 s - a scroll of fear {unknown}
 y - a scroll of magic mapping {unknown}
 z - a scroll of vulnerability {unknown}
 A - a scroll of immolation {unknown}
 C - a scroll of noise {unknown}
 F - a scroll of blinking {unknown}
Potions
 g - a potion of heal wounds {unknown}
 h - a potion of ambrosia {unknown}
 l - 3 potions of flight {unknown}
 m - a potion of invisibility {unknown}
 n - a potion of attraction {unknown}
 q - a potion of curing
 t - a potion of magic {unknown}
 v - 2 potions of might {unknown}
 B - 2 potions of lignification {unknown}
 D - a potion of brilliance {unknown}
 E - a potion of mutation {unknown}


   Skills:
 + Level 3.0 Fighting
 + Level 5.6 Long Blades
 + Level 1.8 Throwing
 + Level 1.7 Armour
 + Level 3.5 Dodging
 - Level 0.7 Stealth
 + Level 0.5 Evocations


You had 5 spell levels left.
You didn't know any spells.
Your spell library contained the following spells:

 Spells                   Type           Power      Damage    Failure   Level
 Stone Arrow              Conj/Erth      0%         3d7       83%         3
 Animate Armour           Summ/Erth      0%         N/A       99%         4
 Lehudib's Crystal Spear  Conj/Erth      0%         10d2      100%        8


Dungeon Overview and Level Annotations

Branches:
Dungeon (4/15)            Ossuary (visited)
 Temple: D:4-7

Altars:
Cheibriados

Annotations:
D:1 2 transporters


Innate Abilities, Weirdness & Mutations

You are completely covered in rugged brown scales. (AC +3, +7% HP)
Spells you cast may paralyse nearby enemies.


Message History

You enter the shallow water.
Moving in this stuff is going to be slow.
The dart slug launches a dart at you.
The slug dart hits you but does no damage.
A kobold comes into view.
It is wielding a +0 dagger of distortion and quivering poisoned darts.
The kobold shouts!
The dart slug launches a dart at you. The slug dart hits you.
The dart slug launches a dart at you. The slug dart misses you.
The kobold throws a poisoned dart.
The poisoned dart hits you!
You are poisoned.
You feel very sick. The kobold misses you.
You hit the kobold but do no damage.
You feel sick. The kobold hits you but does no damage.
You blink.
You feel sick.
You feel sick. The kobold hits you but does no damage.
You are cast into the Abyss!
This branch contains the abyssal rune of Zot.
Press: ? - help, v - describe, . - travel An empty arch of ancient stone.
You feel sick.
You feel sick.
You feel better.
Press: ? - help, v - describe, . - travel An empty arch of ancient stone.
You enter the shallow water.
Moving in this stuff is going to be slow.
A small abomination comes into view.
The small abomination hits you!
You barely miss the small abomination. The small abomination hits you!
You barely miss the small abomination.
The small abomination closely misses you.
You hit the small abomination.
The small abomination is lightly damaged.
The small abomination hits you!
* * * LOW HITPOINT WARNING * * *
The small abomination hits you!
You die...

.. . #
## #.
#. #.
.# #.
#. .##
#..
.#..#
#..#..#
#x@#
##.#
##. .#
.. ###


You could see a small abomination.

Vanquished Creatures
  Menkaure (Ossuary)
  An ogre (D:4)
  Crazy Yiuf (D:3)
  Ijyb (D:3)
  3 mummies (Ossuary)
  3 adders
  A worm (D:2)
  4 dart slugs
  2 orcs (D:3)
  3 bats
  7 endoplasms
  5 giant cockroaches
  4 goblins
  2 hobgoblins
  7 jackals
  A quokka (D:2)
  3 ball pythons
  9 frilled lizards
  3 gnoll skeletons (Ossuary)
  3 gnoll zombies (Ossuary)
  6 goblin skeletons (Ossuary)
  3 goblin zombies (Ossuary)
  6 hobgoblin skeletons (Ossuary)
  4 hobgoblin zombies (Ossuary)
  2 kobolds
  4 kobold skeletons (Ossuary)
  3 kobold zombies (Ossuary)
  4 orc skeletons (Ossuary)
  7 orc zombies (Ossuary)
  8 rats
  2 rat skeletons (Ossuary)
  5 rat zombies (Ossuary)
118 creatures vanquished.

Vanquished Creatures (others)
  A plant (D:3)
1 creature vanquished.

Grand Total: 119 creatures vanquished

Notes
Turn   | Place    | Note
-------+----------+-------------------------------------------
     0 | D:1      | capslocke the Demonspawn Gladiator began the quest for the
                  | Orb.
     0 | D:1      | Reached XP level 1. HP: 16/16 MP: 1/1
   116 | D:1      | Reached skill level 3 in Long Blades
   116 | D:1      | Gained mutation: You are partially covered in rugged brown
                  | scales. (AC +1, +3% HP) [demonic ancestry]
   116 | D:1      | Reached XP level 2. HP: 15/22 MP: 2/2
   580 | D:1      | Gained mutation: Spells you cast may paralyse adjacent
                  | enemies. [demonic ancestry]
   580 | D:1      | Reached XP level 3. HP: 25/27 MP: 3/3
  1394 | D:2      | Gained mutation: Spells you cast may paralyse nearby
                  | enemies. [demonic ancestry]
  1394 | D:2      | Reached XP level 4. HP: 23/35 MP: 4/4
  1737 | D:3      | Reached skill level 4 in Long Blades
  1740 | D:3      | Noticed Ijyb
  1753 | D:3      | Killed Ijyb
  2000 | D:3      | Found a runed translucent door.
  2001 | D:3      | Noticed Crazy Yiuf
  2009 | D:3      | Killed Crazy Yiuf
  2010 | D:3      | Gained mutation: You are mostly covered in rugged brown
                  | scales. (AC +2, +5% HP) [demonic ancestry]
  2010 | D:3      | Reached XP level 5. HP: 19/40 MP: 5/5
  2461 | D:4      | Reached skill level 1 in Armour
  2474 | D:4      | Noticed an ogre
  2479 | D:4      | Killed an ogre
  2491 | D:4      | Found a sand-covered staircase.
  2499 | Ossuary  | Entered an ossuary
  2782 | Ossuary  | Gained mutation: You are completely covered in rugged brown
                  | scales. (AC +3, +7% HP) [demonic ancestry]
  2782 | Ossuary  | Reached XP level 6. HP: 40/49 MP: 6/6
  2850 | Ossuary  | Reached skill level 5 in Long Blades
  2853 | Ossuary  | Noticed Menkaure
  2868 | Ossuary  | Killed Menkaure
  3087 | D:4      | Found a snail-covered altar of Cheibriados.
  3105 | Abyss:1  | Cast into level 1 of the Abyss (kobold)
  3193 | Abyss:1  | Mangled by a small abomination

Illustrated notes

Levels and vault maps discovered:
D:1:      spicycebolla_arrival_transporter_tutorial, layout_loops_ring,
          st_stairs_8, minmay_misc_feat_five
D:2:      layout_loops_ring
D:3:      layout_rooms, serial_forest, infiniplex_forest_join,
          infiniplex_forest_end_1, infiniplex_forest_clump_long,
          infiniplex_forest_lined_corner, infiniplex_forest_end_2,
          infiniplex_forest_straight_3, infiniplex_forest_clump_small,
          infiniplex_forest_zigzag_1, uniq_ijyb, uniq_crazy_yiuf_cottage
D:4:      layout_loops_cross, kennysheep_slug_shrine,
          minmay_temple_entry_offerings, hellmonk_ghost_happy_afterlife,
          nicolae_ossuary_entry_ruins
Abyss:1:  base:
D:1

Skill      XL: |  1  2  3  4  5  6 |
---------------+-------------------+-----
Long Blades    | 3 4 5 |  5.6
Dodging        | 3 |  3.5
Armour         | 1 |  1.7
Fighting       | 3 |  3.0
Throwing       | |  1.8
Stealth        | |  0.7
Evocations     | |  0.5

Action                   |  1- 3 |  4- 6 || total
-------------------------+-------+-------++-------
Melee: Long sword        |   157 |   196 ||   353
       Punch             |     1 |     2 ||     3
Throw: Throwing net      |       |     1 ||     1
Evoke: Wand              |       |     8 ||     8
  Use: Potion            |       |     1 ||     1
 Stab: Sleeping          |     1 |     3 ||     4
       Invisible         |       |     1 ||     1
       Held in net/web   |       |     1 ||     1
Armor: Leather armour    |    59 |    50 ||   109
Dodge: Dodged            |   113 |    93 ||   206

Table legend: (Time is in decaauts)
 A = Elapsed time spent in this place.
 B = Non-inter-level travel time spent in this place.
 C = Inter-level travel time spent in this place.
 D = Time resting spent in this place.
 E = Time spent auto-exploring this place.
 F = Levels seen in this place.
 G = Mean time per level.
                   A        B        C        D        E       F      G
               +--------+--------+--------+--------+--------+-----+--------+
         Total |   3268 |   3170 |     98 |    298 |   1968 |   6 |  544.7 |
       Dungeon |   2637 |   2539 |     98 |    201 |   1800 |   4 |  659.2 |
         Abyss |     88 |     88 |      0 |      0 |     50 |   1 |   88.0 |
       Ossuary |    542 |    542 |      0 |     97 |    118 |   1 |  542.0 |
               +--------+--------+--------+--------+--------+-----+--------+

Top non-repeatable levels by time:
     D:3: 873 daAuts
     D:2: 836 daAuts
     D:1: 799 daAuts
 Ossuary: 542 daAuts
     D:4: 128 daAuts
 Abyss:1: 88 daAuts
